 Dungeon Crawl Stone Soup version 0.16-a0-2040-g47efe85 (console) character file.

435 TALISMASHER the Insei (level 6, 0/47 HPs)
             Began as a Salamander Transmuter on Nov 12, 2014.
             Was a Follower of Cheibriados.
             Succumbed to an adder's poison
             ... on level 4 of the Dungeon.
             The game lasted 00:08:52 (4203 turns).

TALISMASHER the Insei (Salamander Transmuter)       Turns: 4203, Time: 00:08:52

Health: 0/47       AC:  6    Str: 12    XL:     6   Next: 68%
Magic:  12/12      EV: 18    Int: 18    God:    Cheibriados [*.....]
Gold:   240        SH:  0    Dex: 26    Spells: 3 memorised, 3 levels left

rFire  . . .     SeeInvis .       - Unarmed
rCold  x . .     Clarity  .     c - +0 robe
rNeg   . . .     SustAb   .     (no shield)
rPois  .         Gourm    .     (no helmet)
rElec  .         Spirit   .     (no cloak)
rCorr  .         Warding  .     (no gloves)
rMut   .         Stasis   .     (no barding)
MR     .....                    (no amulet)
Stlth  ++++......               (no ring)
                                v - +3 ring of dexterity

@: agile, lethally poisoned, very slow, not resistant to hostile enchantments,
stealthy
A: fiery attack, thin metallic scales 1, tough skin 2, cold vulnerability 1
a: Bend Time, Renounce Religion


You were on level 4 of the Dungeon.
You worshipped Cheibriados.
Cheibriados was aware of your devotion.
You were hungry.

You visited 1 branch of the dungeon, and saw 4 of its levels.

You collected 240 gold pieces.

Inventory:

Hand weapons
 p - a +0 blowgun
Missiles
 b - 70 arrows
Armour
 c - a +0 robe (worn)
Jewellery
 v - a +3 ring of dexterity (left hand)
 x - an uncursed ring of ice
Scrolls
 e - 2 scrolls of enchant armour {unknown}
 f - 3 scrolls of recharging {unknown}
 h - a scroll of fear {unknown}
 k - 2 scrolls of magic mapping {unknown}
 l - 2 scrolls of identify {unknown}
 o - a scroll of random uselessness {unknown}
 r - a scroll of blinking {unknown}
 s - 3 scrolls of remove curse {unknown}
 u - a scroll of teleportation {unknown}
 w - a scroll of immolation {unknown}
Potions
 t - a potion of curing {unknown}
Books
 d - a book of Changes

   Spells                             Type                      Level
   *Beastly Appendage                 Transmutation                1
   *Sticks to Snakes                  Transmutation                2
   *Spider Form                       Transmutation/Poison         3
   Ice Form                           Ice/Transmutation            4
   Blade Hands                        Transmutation                5
Comestibles
 a - 3 bread rations
 m - a beef jerky
 q - 2 chunks of flesh


   Skills:
 - Level 1.1 Fighting
 - Level 2.0 Dodging
 + Level 2.6 Stealth
 + Level 6.2 Unarmed Combat
 - Level 2.1 Spellcasting
 - Level 3.5 Transmutations
 - Level 1.5 Poison Magic


You had 3 spell levels left.
You knew the following spells:

 Your Spells              Type           Power        Failure   Level  Hunger
a - Beastly Appendage     Trmt           ##....       4%          1    #......
b - Sticks to Snakes      Trmt           ##........   8%          2    ###....
c - Spider Form           Trmt/Pois      ##........   21%         3    ###....


Dungeon Overview and Level Annotations

Branches:
Dungeon (4/15)
 Temple: D:4-7

Altars:
Cheibriados
Kikubaaqudgha
Vehumet
The Shining One

Annotations:
D:3 Sigmund
D:4 Natasha


Innate Abilities, Weirdness & Mutations

You cannot wear boots.
You have very tough skin (AC +2).
You are vulnerable to cold.
You are partially covered in thin metallic scales (AC +2).


Message History

You feel magically purged.
It was a potion of cancellation.
* * * LOW HITPOINT WARNING * * *
You feel sick. The adder barely misses you.
Drink which item? (? for menu, Esc to quit)
You feel refreshed.
It was a potion of restore abilities.
Your horns disappear.
* * * LOW HITPOINT WARNING * * *
You feel sick. The adder barely misses you.
Drink which item? (? for menu, Esc to quit)
You feel agile all of a sudden.
It was a potion of agility.
* * * LOW HITPOINT WARNING * * *
You feel sick. The adder closely misses you. The adder bites you.
* * * LOW HITPOINT WARNING * * *
You are more poisoned.
The adder poisons you!
Drink which item? (? for menu, Esc to quit)
Thin metallic scales grow over part of your body.
You feel fantastic!
It was a potion of beneficial mutation.
You die...

## ##.# #.# .###.)##
##.### #.#....#
##....###
#.....#.###.......#####
##.............h..%...#
##.#######.#.#.#.###.#
#.# #.#.#...# #.#
#.#.###S# ##'##
#.....@.# ##...##
###.###.# #.....## .
.... .......## #.##.#
........# #.# .#
........+ ... .
........# #.# .......##
#.# #.....## .


You could see an adder.

Vanquished Creatures
  An ice beast (D:4)
  A scorpion (D:4)
  An orc wizard (D:4)
  2 worker ants (D:4)
  Jessica (D:3)
  A hound skeleton (D:4)
  Terence (D:3)
  3 adders
  2 giant mites
  3 worms
  An adder skeleton (D:4)
  3 giant geckos
  An ooze (D:4)
  21 orcs
  9 bats
  3 giant cockroaches
  13 goblins
  7 hobgoblins
  5 jackals
  4 quokkas
  2 ball pythons
  7 giant newts
  5 kobolds
  6 rats
103 creatures vanquished.

Vanquished Creatures (collateral kills)
  A kobold (D:1)
1 creature vanquished.

Grand Total: 104 creatures vanquished

Notes
Turn   | Place    | Note
--------------------------------------------------------------
     0 | D:1      | TALISMASHER, the Salamander Transmuter, began the quest for the Orb.
     0 | D:1      | Reached XP level 1. HP: 16/16 MP: 3/3
   324 | D:1      | Reached XP level 2. HP: 18/23 MP: 5/5
   453 | D:1      | Learned a level 2 spell: Sticks to Snakes
   740 | D:1      | Reached skill level 1 in Stealth
   774 | D:1      | Reached skill level 4 in Unarmed Combat
   776 | D:1      | HP: 1/23 [bat (1)]
  1042 | D:1      | Reached XP level 3. HP: 21/28 MP: 7/7
  1200 | D:1      | Learned a level 3 spell: Spider Form
  1776 | D:2      | Reached skill level 1 in Poison Magic
  1878 | D:2      | Reached XP level 4. HP: 27/35 MP: 6/8
  2260 | D:3      | Found an ancient bone altar of Kikubaaqudgha.
  2283 | D:3      | Noticed Terence
  2303 | D:3      | Killed Terence
  2402 | D:3      | Noticed Jessica
  2412 | D:3      | Killed Jessica
  2779 | D:3      | Noticed Sigmund
  3069 | D:3      | Noticed a centaur
  3205 | D:3      | Found a radiant altar of Vehumet.
  3205 | D:3      | Found a glowing golden altar of the Shining One.
  3206 | D:3      | Found a snail-covered altar of Cheibriados.
  3211 | D:3      | Reached XP level 5. HP: 40/40 MP: 9/11
  3223 | D:3      | Became a worshipper of Cheibriados the Contemplative
  3382 | D:4      | Reached skill level 5 in Unarmed Combat
  3568 | D:4      | Reached XP level 6. HP: 47/47 MP: 12/12
  3999 | D:4      | Reached skill level 6 in Unarmed Combat
  4177 | D:4      | Noticed Natasha
  4202 | D:4      | HP: 1/47 [adder (4)]
  4203 | D:4      | Gained mutation: You are partially covered in thin metallic scales (AC +2). [potion of beneficial mutation]
  4203 | D:4      | Succumbed to an adder's poison

Action                   |  1- 3 |  4- 6 || total
-------------------------+-------+-------++-------
Melee: Unarmed           |   162 |   247 ||   409
 Cast: Beastly Appendage |     9 |    11 ||    20
       Sticks to Snakes  |     2 |     2 ||     4
       Spider Form       |       |     2 ||     2
  Use: Potion            |       |     4 ||     4
 Stab: Sleeping          |     1 |     5 ||     6
       Distracted        |       |     2 ||     2
  Eat: Chunk             |     3 |     8 ||    11
